 Dungeon Sprint DCSS version 0.25-a0-292-gaa31f046c4 (webtiles) character file.

Game seed: 11573631349477052294, levelgen mode: deterministic

23871 Freyura the Bludgeoner (level 13, -4/91 HPs)
             Began as a Gargoyle Fighter on Dec 15, 2019.
             Was the Champion of Makhleb.
             Engulfed by a program bug's freezing vapour (12 damage)
             ... in the Dungeon (Sprint IX: "|||||||||||||||||||||||||||||").
             The game lasted 00:18:49 (2582 turns).

Freyura the Bludgeoner (Gargoyle Fighter)           Turns: 2582, Time: 00:18:50

Health: -4/91      AC: 32    Str: 21    XL:     13   Next: 9%
Magic:  23/23      EV: 12    Int:  9    God:    Makhleb [******]
Gold:   1939       SH:  0    Dex: 16    Spells: 12/12 levels left

rFire    . . .     SeeInvis +   o - +6 dire flail (protect)
rCold    . . .     Gourm    .   (shield currently unavailable)
rNeg     + . .     Faith    .   F - +0 shadow dragon scales
rPois    ∞         Spirit   .   (no helmet)
rElec    +         Reflect  .   p - +0 cloak
rCorr    .         Harm     .   B - +1 pair of gloves
MR       .....     NoTele   +   q - +0 pair of boots
Stlth    ++........             (no amulet)
HPRegen  0.25/turn              s - +3 ring of dexterity
MPRegen  0.18/turn              y - ring of see invisible

@: grasped by roots, constricted
A: negative energy resistance 1, electricity resistance, unbreathing,
petrification resistance, rot immunity, AC +9
a: Minor Destruction, Lesser Servant of Makhleb, Major Destruction, Greater
Servant of Makhleb, Renounce Religion


You were in the Dungeon.
You worshipped Makhleb.
Makhleb was exalted by your worship.
You were not hungry.

You visited 1 branch You collected 1939 gold pieces.

Inventory:

Hand Weapons
 o - a +6 dire flail of protection (weapon)
Armour
 c - a +0 shield
 p - a +0 cloak (worn)
 q - a +0 pair of boots (worn)
 B - a +1 pair of gloves (worn)
 F - +0 shadow dragon scales (worn)
 G - +1 fire dragon scales
Jewellery
 s - a +3 ring of dexterity (left hand)
 y - a ring of see invisible (right hand)
Wands
 a - a wand of digging (5)
 n - a wand of acid (10)
Scrolls
 k - 2 scrolls of blinking
 l - 5 scrolls of remove curse
 m - 2 scrolls of amnesia
 r - 4 scrolls of fear
 u - a scroll of fog
 D - 2 scrolls of enchant armour
Potions
 b - a potion of berserk rage
 d - a potion of invisibility
 e - 9 potions of curing
 g - a potion of agility
 h - a potion of haste
 i - 5 potions of magic
 C - a potion of might
Comestibles
 f - 10 rations


   Skills:
 + Level 14.7 Fighting
 * Level 18.1 Maces & Flails
 + Level 14.8 Armour
 + Level 11.1 Dodging
 - Level 10.8 Shields
 + Level 13.9 Invocations


You had 12 spell levels left.
You didn't know any spells.
Your spell library was empty.

Dungeon Overview and Level Annotations

Branches:
Dungeon (1/1)

Altars:
Cheibriados
Dithmenos
Elyvilon
Fedhas
Gozag
Hepliaklqana
Kikubaaqudgha
Makhleb
Nemelex Xobeh
Okawaru
Qazlal
Ru
Sif Muna
Trog
Uskayaw
Vehumet
Wu Jian
Xom
Yredelemnul
Zin
The Shining One
Beogh
Jiyva
Lugonu

Shops:
D (=*!


Innate Abilities, Weirdness & Mutations

You are resistant to torment.
Your stone body is resilient. (AC +9)
You are immune to poison.
You resist negative energy. (rN+)
You are resistant to electric shocks. (rElec)
You can survive without breathing.
You are immune to petrification.
You are immune to rotting.


Message History

The grasping roots constrict you!
Your blizzard demon gestures at the thorn hunter.
The freezing blast engulfs the thorn hunter!
You are engulfed in freezing vapours.
* * * LOW HITPOINT WARNING * * *
The vampire mosquito is engulfed in freezing vapours.
The thorn hunter is engulfed in freezing vapours.
The thorn hunter gestures.
The thorn hunter is engulfed in freezing vapours.
The thorn hunter hits your blizzard demon.
The thorn hunter hits your blizzard demon but does no damage.
The thorn hunter is engulfed in freezing vapours. x2
The shambling mangrove is engulfed in freezing vapours.
The grasping roots constrict your blizzard demon!
Your blizzard demon dies!
* * * LOW HITPOINT WARNING * * *
The grasping roots constrict you!
Unknown command.
You are engulfed in freezing vapours.
You die...

♣♣♣♣♣♣♣▓▓▓▓▓▓▓▓▓▓▓▓▓▓▓▓▓▓▓
f.○yffff○@☼☼PP()'.........
▓▓▓▓♣♣♣♣♣♣♣♣♣♣▓▓▓▓▓▓▓▓▓▓▓▓▓▓▓▓▓▓▓
.......).........................
▓▓▓▓▓▓▓▓▓▓▓▓▓▓▓▓▓▓▓▓▓▓▓▓▓▓▓▓▓▓▓▓▓
.[(()(').(........[[[[).[.)).))))
▓▓▓▓▓▓▓▓▓▓▓▓▓▓▓▓▓▓▓▓▓▓▓▓▓▓▓▓▓▓▓▓▓
.....................(((....)....
▓▓▓▓▓▓▓▓▓▓▓▓▓▓▓▓▓▓▓▓▓▓▓▓▓▓▓▓▓▓▓▓▓
∩)∩.))))'....)))))))))....)[.))))


You could see 3 thorn hunters, a shambling mangrove (unaware) and a vampire
mosquito (unaware).

Vanquished Creatures
  A stone giant (D)
  Erolcha (D)
  Harold (D)
  An ice dragon (D)
  An ogre mage (D)
  A merfolk aquamancer (D)
  A centaur warrior (D)
  Urug (D)
  A satyr (D)
  A deep troll shaman (D)
  2 orc high priests (D)
  Sonja (D)
  An unseen horror (D)
  An orb spider (shapeshifter) (D)
  A swamp dragon (shapeshifter) (D)
  2 orc knights (D)
  A lindwurm (D)
  2 orb spiders (D)
  A wolf spider (D)
  2 ugly things (D)
  An orc sorcerer (D)
  A water nymph (D)
  Psyche (D)
  A spiny frog (D)
  3 komodo dragons (D)
  A troll (D)
  4 polar bears (D)
  A merfolk (D)
  4 jumping spiders (D)
  A blink frog (D)
  3 hippogriffs (D)
  A tarantella (D)
  A redback (D)
  2 yaks (D)
  A wraith (D)
  A vampire mosquito (D)
  A hungry ghost (D)
  2 water moccasins (D)
  3 porcupines (D)
  13 orc warriors (D)
  4 black bears (D)
  An eye of draining (D)
  An ogre (D)
  2 crocodiles (D)
  4 bullfrogs (D)
  2 scorpions (D)
  A wight (D)
  A jelly (D)
  A hound (D)
  2 orc wizards (D)
  A quasit (D)
  3 orc priests (D)
  A gnoll (D)
  A dart slug (D)
  17 orcs (D)
  A bat zombie (D)
  A giant cockroach (D)
  A goblin (D)
  A quokka (D)
  A rat (D)
117 creatures vanquished.

Vanquished Creatures (collateral kills)
  A stone giant (D)
  A spriggan druid (D)
  A manticore (D)
  2 water nymphs (D)
  A merfolk (D)
  A wind drake (D)
  A briar patch (D)
8 creatures vanquished.

Vanquished Creatures (others)
  A vampire mage (D)
1 creature vanquished.

Grand Total: 126 creatures vanquished

Notes
Turn   | Place    | Note
-------+----------+-------------------------------------------
     0 | D        | Freyura the Gargoyle Fighter began the quest for the Orb.
     0 | D        | Reached XP level 1. HP: 14/14 MP: 1/1
    16 | D        | Reached XP level 2. HP: 20/20 MP: 2/2
    22 | D        | Reached skill level 3 in Maces & Flails
   199 | D        | Noticed a scorpion
   211 | D        | Killed a scorpion
   211 | D        | Reached skill level 4 in Maces & Flails
   211 | D        | Reached skill level 5 in Armour
   211 | D        | Reached skill level 5 in Shields
   211 | D        | Reached XP level 3. HP: 25/25 MP: 3/3
   211 | D        | Reached XP level 4. HP: 30/30 MP: 4/4
   213 | D        | Reached skill level 5 in Fighting
   213 | D        | Reached skill level 5 in Maces & Flails
   214 | D        | Reached skill level 1 in Dodging
   223 | D        | Found a roughly hewn altar of Beogh.
   223 | D        | Found a snail-covered altar of Cheibriados.
   223 | D        | Found a shadowy altar of Dithmenos.
   223 | D        | Found a white marble altar of Elyvilon.
   223 | D        | Found a blossoming altar of Fedhas.
   223 | D        | Found an opulent altar of Gozag.
   224 | D        | Found a hazy altar of Hepliaklqana.
   225 | D        | Found a viscous altar of Jiyva.
   226 | D        | Found an ancient bone altar of Kikubaaqudgha.
   227 | D        | Found a corrupted altar of Lugonu.
   228 | D        | Found a burning altar of Makhleb.
   229 | D        | Found a sparkling altar of Nemelex Xobeh.
   230 | D        | Found an iron altar of Okawaru.
   231 | D        | Found a stormy altar of Qazlal.
   232 | D        | Found a sacrificial altar of Ru.
   233 | D        | Found a shimmering blue altar of Sif Muna.
   234 | D        | Found a bloodstained altar of Trog.
   235 | D        | Found a hide-covered altar of Uskayaw.
   236 | D        | Became a worshipper of Makhleb the Destroyer
   237 | D        | Found a radiant altar of Vehumet.
   238 | D        | Found an ornate altar of the Wu Jian Council.
   239 | D        | Found a shimmering altar of Xom.
   240 | D        | Found a basalt altar of Yredelemnul.
   241 | D        | Found a glowing silver altar of Zin.
   242 | D        | Found a glowing golden altar of the Shining One.
   301 | D        | Noticed an eye of draining
   301 | D        | Noticed a bullfrog
   301 | D        | Noticed an ogre
   309 | D        | Reached skill level 1 in Invocations
   309 | D        | Reached XP level 5. HP: 35/35 MP: 0/5
   311 | D        | Killed an ogre
   311 | D        | Reached skill level 6 in Maces & Flails
   320 | D        | Reached * piety under Makhleb
   320 | D        | Reached skill level 7 in Maces & Flails
   320 | D        | Reached XP level 6. HP: 42/42 MP: 1/8
   330 | D        | Killed an eye of draining
   330 | D        | Reached ** piety under Makhleb
   330 | D        | Reached skill level 8 in Maces & Flails
   330 | D        | Reached XP level 7. HP: 30/48 MP: 1/10
   396 | D        | Noticed a vampire mosquito
   396 | D        | Noticed a hippogriff
   396 | D        | Noticed a purple ugly thing
   396 | D        | Noticed a troll
   396 | D        | Noticed a wraith
   399 | D        | Killed a wraith
   403 | D        | Killed a troll
   403 | D        | Reached skill level 9 in Maces & Flails
   403 | D        | Reached skill level 5 in Invocations
   413 | D        | Killed a purple ugly thing
   413 | D        | Reached skill level 10 in Maces & Flails
   413 | D        | Reached skill level 5 in Dodging
   413 | D        | Reached XP level 8. HP: 43/55 MP: 12/12
   416 | D        | Killed a hippogriff
   416 | D        | Reached *** piety under Makhleb
   424 | D        | Killed an unseen horror
   424 | D        | Reached skill level 11 in Maces & Flails
   424 | D        | Reached XP level 9. HP: 31/60 MP: 12/14
   573 | D        | Noticed Erolcha
   594 | D        | Killed Erolcha
   594 | D        | Reached skill level 10 in Armour
   594 | D        | Reached skill level 10 in Shields
   681 | D        | Noticed a spiny frog
   683 | D        | Noticed a komodo dragon
   687 | D        | Reached **** piety under Makhleb
   687 | D        | Reached skill level 10 in Fighting
   687 | D        | Reached skill level 12 in Maces & Flails
   709 | D        | Killed a spiny frog
   709 | D        | Reached XP level 10. HP: 62/68 MP: 16/16
   713 | D        | Reached ***** piety under Makhleb
   752 | D        | Noticed a lindwurm
   757 | D        | Reached skill level 13 in Maces & Flails
   764 | D        | Reached ****** piety under Makhleb
   780 | D        | Killed a lindwurm
   821 | D        | Reached skill level 10 in Invocations
   840 | D        | Reached skill level 14 in Maces & Flails
   840 | D        | Reached XP level 11. HP: 74/74 MP: 18/18
   905 | D        | Noticed Urug
   927 | D        | Killed Urug
   939 | D        | Noticed Psyche
   948 | D        | Killed Psyche
  1077 | D        | Noticed an orc high priest
  1110 | D        | Killed an orc high priest
  1130 | D        | Reached skill level 15 in Maces & Flails
  1192 | D        | Found Etroel's Distillery.
  1193 | D        | Noticed an orc high priest
  1197 | D        | Found Oveiteyt's Assorted Antiques.
  1197 | D        | Noticed an orc knight
  1201 | D        | Noticed a sun demon
  1203 | D        | Found Xeakethro's Jewellery Boutique.
  1204 | D        | Noticed an orc sorcerer
  1211 | D        | Killed an orc high priest
  1213 | D        | Found Atofuxil's Antique Weapon Shop.
  1239 | D        | Killed an orc knight
  1242 | D        | Killed an orc sorcerer
  1265 | D        | Noticed an orc knight
  1284 | D        | Killed an orc knight
  1426 | D        | Noticed Sonja
  1432 | D        | Killed Sonja
  1606 | D        | Noticed an ogre mage
  1611 | D        | Noticed a green ugly thing
  1617 | D        | Noticed a swamp dragon
  1617 | D        | a swamp worm changed into a swamp dragon
  1628 | D        | Noticed a deep troll shaman
  1644 | D        | Noticed a stone giant
  1646 | D        | Killed an ogre mage
  1646 | D        | Reached skill level 16 in Maces & Flails
  1646 | D        | Reached XP level 12. HP: 84/84 MP: 19/21
  1648 | D        | Noticed a centaur warrior
  1677 | D        | Killed a deep troll shaman
  1677 | D        | Reached skill level 10 in Dodging
  1678 | D        | Noticed an ice dragon
  1691 | D        | Killed a stone giant
  1694 | D        | Killed a centaur warrior
  1705 | D        | HP: 1/84 [ice dragon/blast of cold (27)]
  1706 | D        | Noticed a vampire mage
  1711 | D        | Killed an ice dragon
  1711 | D        | Reached skill level 17 in Maces & Flails
  1713 | D        | Noticed a stone giant
  1716 | D        | HP: 4/84 [vampire mage (8)]
  1717 | D        | Killed a vampire mage
  1737 | D        | Killed a stone giant
  2083 | D        | Noticed Harold
  2109 | D        | Killed Harold
  2219 | D        | Noticed a satyr
  2219 | D        | Noticed a merfolk aquamancer
  2236 | D        | Killed a merfolk aquamancer
  2243 | D        | Killed a satyr
  2243 | D        | Reached XP level 13. HP: 91/91 MP: 23/23
  2258 | D        | Reached skill level 18 in Maces & Flails
  2562 | D        | Noticed a thorn hunter
  2562 | D        | Noticed a thorn hunter
  2562 | D        | Noticed a thorn hunter
  2582 | D        | Engulfed by a program bug's freezing vapour

Levels and vault maps discovered:
D:        linesprint [early_d, line_temple, items_1, d_10, items_2, lair_1,
          lair_end, items_3, orc_1, orc_end, items_4, d_15, swamp_1, shoals_1,
          snake_1, spider_1, d_20, vaults_1, items_5, swamp_end, shoals_end,
          snake_end, spider_end, vaults_end, d_27, items_6, zot_1, zot_end,
          crypt_end, forest_end, elf_end, slime_end, tomb_end, abyss_end,
          pan_hell_end]

Skill      XL: |  1  2  3  4  5  6  7  8  9 10 11 12 13 |
---------------+----------------------------------------+-----
Fighting       | 4 5 6 7 8 9 10 11 13 14 | 14.7
Armour         | 4 5 6 7 8 9 10 11 13 14 | 14.8
Shields        | 4 5 6 7 9 10 | 10.8
Maces & Flails | 4 5 7 8 10 11 12 14 16 17 18 | 18.1
Dodging        | 1 2 3 5 6 8 9 11 | 11.1
Invocations    | 1 3 4 6 7 8 10 12 13 | 13.9

Action                   |  1- 3 |  4- 6 |  7- 9 | 10-12 | 13-15 || total
-------------------------+-------+-------+-------+-------+-------++-------
Melee: Flail             |    29 |     5 |       |       |       ||    34
       Dire flail        |       |    26 |    73 |   468 |    12 ||   579
Invok: Minor Destruction |       |       |     1 |       |       ||     1
       Greater Servant o |       |       |       |     1 |     3 ||     4
  Use: Potion            |     2 |     1 |     2 |     3 |       ||     8
       Scroll            |       |       |     2 |     2 |       ||     4
  Eat: Chunk             |       |       |       |     4 |       ||     4
       Ration            |       |       |       |       |     1 ||     1
Armor: Scale mail        |    10 |     3 |       |       |       ||    13
       Ring mail         |       |    17 |    25 |   102 |       ||   144
       Shadow dragon sca |       |       |       |    91 |     4 ||    95
Dodge: Dodged            |     4 |    16 |    18 |   197 |     6 ||   241
Block: Shield            |    17 |     5 |       |       |       ||    22

Table legend:
 A = Non-vault XP
 B = Vault XP
 C = Vault XP percentage of total XP
 D = Non-vault monster count
 E = Vault monster count
 F = Vault count percentage of total count
                 A         B        C        D         E       F
            +---------+---------+-------+---------+---------+-------
      Total |       0 |   34102 | 100.0 |       0 |     125 | 100.0
            +---------+---------+-------+---------+---------+-------
          D |       0 |   34102 | 100.0 |       0 |     125 | 100.0
            +---------+---------+-------+---------+---------+-------
